 Dungeon Crawl Stone Soup version 0.28-a0-821-g923ab73998 (webtiles) character file.

Game seed: 4289033096510641030

49 Fenrisus the Ducker (level 3, 0/17 HPs)
             Began as a Felid Fighter on Nov 9, 2021.
             Slain by an adder (4 damage)
             ... on level 3 of the Dungeon.
             The game lasted 00:11:41 (2476 turns).

Fenrisus the Ducker (Felid Fighter)                 Turns: 2476, Time: 00:11:42

Health: 0/17       AC:  1    Str: 12    XL:     3   Next: 51%
Magic:  13/13      EV: 19    Int: 10    God:
Gold:   44         SH:  0    Dex: 15    Spells: 2/2 levels left
                                        Lives:  0   Deaths: 0

rFire   . . .      SeeInvis +     - Unarmed
rCold   . . .      Faith    .   (shield unavailable)
rNeg    . . .      Spirit   .   (armour unavailable)
rPois   .          Reflect  .   (helmet unavailable)
rElec   .          Harm     .   (cloak unavailable)
rCorr   .          Rampage  .   (gloves unavailable)
Will    .....                   (boots unavailable)
Stlth   +.........              a - amulet of magic regeneration
HPRegen 0.05/turn               d - ring of magical power
MPRegen 0.38/turn               (no ring)

@: quick
A: very small, claws 1, fangs 3, see invisible, speed 1, shaggy fur 1, stealthy
paws, no weapons or thrown items, no armour, multi-lived
a: no special abilities


You were on level 3 of the Dungeon.
You visited 1 branch of the dungeon, and saw 3 of its levels.

You collected 44 gold pieces.

Inventory:

Jewellery
 a - an amulet of magic regeneration (around neck)
 d - a ring of magical power (left paw)
Scrolls
 c - 2 scrolls of immolation
 e - a scroll of teleportation
 g - a scroll of enchant armour
 h - a scroll of noise {unknown}
 j - a scroll of enchant weapon
Potions
 b - a potion of mutation {unknown}
 f - a potion of attraction {unknown}
 i - 2 potions of curing {unknown}
 k - 2 potions of lignification {unknown}


   Skills:
 * Level 3.5 Fighting
 * Level 4.7 Dodging
 + Level 4.5 Unarmed Combat


You had 2 spell levels left.
You didn't know any spells.
Your spell library contained the following spells:

 Spells                   Type           Power      Damage    Failure   Level
 Corpse Rot               Necr/Air       0%         N/A       50%         2
 Dispel Undead            Necr           0%         3d6       98%         4
 Death Channel            Necr           0%         N/A       100%        6


Dungeon Overview and Level Annotations

Branches:
Dungeon (3/15)

Altars:

Shops:
D:1 (


Innate Abilities, Weirdness & Mutations

You have sharp claws.
You have razor-sharp teeth.
You have supernaturally acute eyesight. (SInv)
You cover ground quickly. (Speed+)
You are covered in fur. (AC +1)
Your paws help you pounce on unaware monsters.
You are incapable of wielding weapons or throwing items.
You cannot wear armour.
You gain extra lives every three experience levels.


Message History

You are no longer poisoned.
The adder misses you.
You see here a bat corpse.
The adder completely misses you.
Things that are here:
a +0 club; a kobold corpse
Found a stone staircase leading down.
The adder bites you but does no damage. The adder closely misses you.
The adder misses you.
There is a stone staircase leading up here.
You can't go down here!
The adder barely misses you.
You climb upwards.
There is a stone staircase leading down here.
The adder misses you.
You climb downwards.
There is a stone staircase leading up here.
The adder misses you. x2
You climb upwards.
There is a stone staircase leading down here.
The adder bites you. The adder misses you.
You see here 13 sling bullets.
There is a stone staircase leading down here.
The adder completely misses you. The adder closely misses you.
You climb downwards.
There is a stone staircase leading up here.
You completely miss the adder. The adder closely misses you.
You claw the adder!
The adder is heavily wounded.
The adder bites you.
* * * LOW HITPOINT WARNING * * *
You closely miss the adder.
The adder is heavily wounded.
The adder completely misses you.
You scratch the adder. Your claw misses the adder. Your bite misses the adder.
The adder is almost dead.
The adder misses you. The adder bites you.
You die...

#########
........#
#######.#
#####...###.#
#...........#
#.###.############
#..........S@#
##############


You could see an adder.

Vanquished Creatures
  An adder skeleton (D:3)
  A dart slug (D:1)
  6 endoplasms (D:1)
  2 giant cockroaches
  4 goblins
  4 hobgoblins
  2 jackals (D:1)
  3 quokkas
  4 ball pythons
  4 bats
  5 frilled lizards
  A kobold (D:3)
  A quokka zombie (D:3)
  A rat (D:1)
39 creatures vanquished.

Notes
Turn   | Place    | Note
-------+----------+-------------------------------------------
     0 | D:1      | Fenrisus the Felid Fighter began the quest for the Orb.
     0 | D:1      | Reached XP level 1. HP: 10/10 MP: 2/2
   268 | D:1      | Found a faded altar of an unknown god.
   272 | D:1      | Reached XP level 2. HP: 14/14 MP: 3/3
   714 | D:1      | Found Kuwoc's Antique Weapon Shop.
  1730 | D:2      | Reached XP level 3. HP: 14/17 MP: 4/4
  2476 | D:3      | Slain by an adder

Illustrated notes

Levels and vault maps discovered:
D:1:      nicolae_arrival_memento_mori, layout_loops_ring,
          hellmonk_ecumenical_altar_blasted, serial_shops, nicolae_shop_trees
D:2:      layout_rooms, chequers_serial_rivers_small_a, minmay_misc_feat_five,
          wander_ebering_terrifying_dragon_lair
D:3:      layout_basic, serial_undead, serial_undead_d, serial_undead_e,
          serial_undead_b, serial_undead_d, serial_undead_e, serial_undead_e,
          serial_undead_c

Action                   || total
-------------------------++-------
Melee: Unarmed           ||    94
       Bite              ||     4
       Punch             ||     2
  Use: Potion            ||     1
       Scroll            ||     3
 Stab: Sleeping          ||     3
Armor: Skin              ||     1
Dodge: Dodged            ||    78

Table legend: (Time is in decaauts)
 A = Elapsed time spent in this place.
 B = Non-inter-level travel time spent in this place.
 C = Inter-level travel time spent in this place.
 D = Time resting spent in this place.
 E = Time spent auto-exploring this place.
 F = Levels seen in this place.
 G = Mean time per level.
                   A        B        C        D        E       F      G
               +--------+--------+--------+--------+--------+-----+--------+
         Total |   2236 |   1496 |    740 |   1076 |      0 |   3 |  745.3 |
       Dungeon |   2236 |   1496 |    740 |   1076 |      0 |   3 |  745.3 |
               +--------+--------+--------+--------+--------+-----+--------+

Top non-repeatable levels by time:
     D:1: 1523 daAuts
     D:2: 371 daAuts
     D:3: 342 daAuts
